 Dungeon Sprint DCSS version 0.23.1 (webtiles) character file.

Game seed: 2985531813166990070

2665 nuthulu the Grappler (level 9, -3/96 HPs)
             Began as a Troll Monk on Mar 12, 2019.
             Was the Champion of Wu Jian.
             Slain by a cyclops (10 damage)
             ... in the Dungeon (Sprint V: "Ziggurat Sprint").
             The game lasted 00:02:32 (546 turns).

nuthulu the Grappler (Troll Monk)                    Turns: 546, Time: 00:02:32

Health: -3/96      AC: 25    Str: 29    XL:     9   Next: 36%
Magic:  8/8        EV:  7    Int:  6    God:    Wu Jian [******]
Gold:   0          SH:  0    Dex: 16    Spells: 8/8 levels left

rFire    + + .     SeeInvis .     - Unarmed
rCold    + . .     Gourm    +   (no shield)
rNeg     . . .     Faith    .   D - +5 gold dragon scales
rPois    +         Spirit   .   (helmet restricted)
rElec    .         Reflect  .   (no cloak)
rCorr    .         Harm     .   (gloves unavailable)
MR       .....     NoTele   +   (boots unavailable)
Stlth    ..........             (no amulet)
HPRegen  0.66/turn              B - +6 ring of strength
MPRegen  0.11/turn              l - ring "Ijia" {rPois rF+ Dex+3}

@: no status effects
A: large, unfitting armour, claws 3, fast metabolism 3, gourmand, regeneration
1, shaggy fur 1, tough skin 3
a: Wall Jump, Serpent's Lash, Heavenly Storm, Renounce Religion


You were in the Dungeon.
You worshipped Wu Jian.
Wu Jian was exalted by your worship.
You were very full.

You visited 1 branch

Inventory:

Armour
 a - a +0 robe
 D - +5 gold dragon scales (worn)
Jewellery
 l - the ring "Ijia" (right claw) {rPois rF+ Dex+3}
   (You found it in the Dungeon)

   [ring of poison resistance]

   It affects your dexterity (+3).
   It protects you from fire.
   It protects you from poison.
 x - a +6 ring of dexterity
 y - a +6 ring of dexterity
 z - a +6 ring of intelligence
 A - a +6 ring of intelligence
 B - a +6 ring of strength (left claw)
 C - a +6 ring of strength
Wands
 u - a wand of disintegration (7)
 v - a wand of iceblast (7)
 w - a wand of acid (7)
Scrolls
 h - 4 scrolls of blinking
 o - 4 scrolls of amnesia
 p - 7 scrolls of fog
 q - a scroll of holy word
 r - 5 scrolls of identify
 s - 5 scrolls of remove curse
 t - 2 scrolls of fear
Potions
 c - 9 potions of curing
 d - 9 potions of heal wounds
 e - 6 potions of haste
 f - 7 potions of magic
 g - 2 potions of berserk rage
 i - 2 potions of brilliance
 j - a potion of invisibility
 k - 4 potions of resistance
 m - 5 potions of agility
 n - 4 potions of might
Comestibles
 b - 7 rations


   Skills:
 + Level 8.2 Fighting
 + Level 7.7 Armour
 + Level 8.2 Dodging
 - Level 1.0 Stealth
 * Level 14.6 Unarmed Combat


You had 8 spell levels left.
You didn't know any spells.
Your spell library was empty.

Dungeon Overview and Level Annotations

Branches:
Dungeon (1/1)

Altars:
Ashenzari
Cheibriados
Dithmenos
Elyvilon
Fedhas
Gozag
Hepliaklqana
Kikubaaqudgha
Makhleb
Nemelex Xobeh
Okawaru
Qazlal
Ru
Sif Muna
Trog
Uskayaw
Vehumet
Wu Jian
Xom
Yredelemnul
Zin
The Shining One
Beogh
Jiyva
Lugonu

Annotations:
D 1 transporter


Innate Abilities, Weirdness & Mutations

You are too large for most types of armour.
You have claws for hands.
Your metabolism is lightning-fast.
You like to eat raw meat.
Your natural rate of healing is unusually fast.
You are covered in fur. (AC +1)
You have extremely tough skin. (AC +3)


Message History

The Council accepts your kill.
You repeatedly attack the cyclops from above.
You claw the cyclops!
The cyclops is moderately wounded.
You scratch the cyclops.
The cyclops is heavily wounded.
The centaur hits you but does no damage.
The centaur unwields a +0 shortbow.
The centaur wields a +2 great sword of electrocution.
You hear the crackle of electricity.
The centaur hits you but does no damage.
The cyclops hits you!!
* * * LOW HITPOINT WARNING * * *
The yaktaur captain unwields a +0 arbalest.
The yaktaur captain wields an uncursed staff of energy.
The yaktaur captain hits you with an uncursed staff of energy!
* * * LOW HITPOINT WARNING * * *
The centaur hits you but does no damage.
The cyclops barely misses you. The cyclops hits you!
You die...

▓).(.)...▓..÷.....▓
▓........▓........▓
▓.▓....▓.▓.▓÷÷†.▓.▓
▓...©....▓...©....▓
▓▓▓▓▓▓▓▓▓▓▓▓▓▓▓▓▓▓▓
▓..8©8..▓ ▓...[=..▓
▓.c○○...▓ ▓.C@○...▓
▓.cCc...▓ ▓(......▓
▓(......▓ ▓(▓(..▓.▓
▓.((©...▓ ▓▓▓▓▓▓▓▓▓


You could see a yaktaur captain, 2 cyclopes and 2 centaurs.

Vanquished Creatures
  A deep elf archer (D)
  A deep elf mage (D)
  2 toenail golems (D)
  4 starcursed masses (D)
  An air elemental (D)
  A water elemental (D)
  A hell hound (D)
  A wolf (D)
  A centaur (D)
  A bullfrog (D)
  2 crimson imps (D)
  A quasit (D)
  An iguana (D)
  A river rat (D)
  A shadow imp (D)
  A white imp (D)
  A jackal (D)
22 creatures vanquished.

Notes
Turn   | Place    | Note
-------+----------+-------------------------------------------
     0 | D        | Found the +6 Majin-Bo {vamp, Archmagi MP+6 Int+6}
     0 | D        | Found the +7 great mace "Firestarter" {inner flame, rF++}
     0 | D        | nuthulu the Troll Monk began the quest for the Orb.
     0 | D        | Reached XP level 1. HP: 22/22 MP: 0/0
     0 | D        | Found a deep blue altar of Sif Muna.
     0 | D        | Found a sacrificial altar of Ru.
     0 | D        | Found a bloodstained altar of Trog.
     0 | D        | Found a stormy altar of Qazlal.
     0 | D        | Found an iron altar of Okawaru.
     0 | D        | Found a sparkling altar of Nemelex Xobeh.
     0 | D        | Found a blossoming altar of Fedhas.
     2 | D        | Found a transporter.
     2 | D        | Found an ancient bone altar of Kikubaaqudgha.
     2 | D        | Found a viscous altar of Jiyva.
     2 | D        | Found a corrupted altar of Lugonu.
     2 | D        | Found a hazy altar of Hepliaklqana.
     2 | D        | Found a burning altar of Makhleb.
     2 | D        | Found an opulent altar of Gozag.
    46 | D        | Became a worshipper of the Wu Jian Council
    46 | D        | Reached * piety under Wu Jian
    46 | D        | Reached ** piety under Wu Jian
    47 | D        | Reached skill level 8 in Unarmed Combat
    47 | D        | Reached XP level 2. HP: 29/29 MP: 1/1
    60 | D        | Entered arena 2.
    60 | D        | Noticed a toenail golem
    60 | D        | Noticed a toenail golem
    60 | D        | Found a transporter.
    73 | D        | Killed a toenail golem
    73 | D        | Reached skill level 5 in Fighting
    73 | D        | Reached skill level 5 in Dodging
    73 | D        | Reached skill level 11 in Unarmed Combat
    73 | D        | Reached XP level 3. HP: 42/42 MP: 2/2
    73 | D        | Reached XP level 4. HP: 50/50 MP: 3/3
    73 | D        | Reached XP level 5. HP: 57/57 MP: 4/4
    73 | D        | Reached XP level 6. HP: 66/66 MP: 5/5
    78 | D        | Killed a toenail golem
    78 | D        | Reached skill level 5 in Armour
    78 | D        | Reached skill level 12 in Unarmed Combat
    78 | D        | Reached XP level 7. HP: 75/75 MP: 6/6
   127 | D        | Entered arena 3.
   127 | D        | Found a transporter.
   128 | D        | Identified the +6 short sword "Digh" {drain, rElec Str+4}
   133 | D        | Reached *** piety under Wu Jian
   145 | D        | Entered arena 4.
   145 | D        | Noticed a starcursed mass
   145 | D        | Found a transporter.
   162 | D        | Reached **** piety under Wu Jian
   164 | D        | Killed a starcursed mass
   164 | D        | Reached XP level 8. HP: 43/84 MP: 7/7
   164 | D        | Killed a starcursed mass
   164 | D        | Reached skill level 13 in Unarmed Combat
   166 | D        | Killed a starcursed mass
   169 | D        | Killed a starcursed mass
   169 | D        | Reached ***** piety under Wu Jian
   245 | D        | Got the ring "Ijia" {rPois rF+ Dex+3}
   362 | D        | Entered arena 5.
   362 | D        | Noticed a deep elf mage
   362 | D        | Noticed a deep elf archer
   362 | D        | Noticed an air elemental
   362 | D        | Found a transporter.
   366 | D        | Killed an air elemental
   379 | D        | Killed a deep elf mage
   379 | D        | Reached skill level 14 in Unarmed Combat
   379 | D        | Reached XP level 9. HP: 70/94 MP: 8/8
   387 | D        | Killed a deep elf archer
   503 | D        | Entered arena 6.
   503 | D        | Found a transporter.
   539 | D        | Entered arena 7.
   539 | D        | Noticed a cyclops
   539 | D        | Noticed a cyclops
   539 | D        | Noticed a yaktaur captain
   540 | D        | Found a transporter.
   546 | D        | Reached ****** piety under Wu Jian
   546 | D        | Slain by a cyclops

Skill      XL: |  1  2  3  4  5  6  7  8  9 |
---------------+----------------------------+-----
Unarmed Combat | 8 11 12 14 | 14.6
Fighting       | 5 6 7 8 |  8.2
Armour         | 4 5 6 7 |  7.7
Dodging        | 5 6 7 8 |  8.2
Stealth        | |  1.0

Action                   |  1- 3 |  4- 6 |  7- 9 || total
-------------------------+-------+-------+-------++-------
Melee: Unarmed           |     9 |     5 |    77 ||    91
       Punch             |       |     1 |     4 ||     5
Invok: Whirlwind         |     4 |       |    22 ||    26
       Lunge             |       |       |     5 ||     5
 Abil: Wall Jump         |       |       |     3 ||     3
  Use: Potion            |     4 |       |     2 ||     6
 Stab: Invisible         |     1 |     1 |       ||     2
  Eat: Ration            |       |       |     1 ||     1
       Chunk             |       |       |     6 ||     6
Armor: Gold dragon scale |    10 |     2 |    94 ||   106
Dodge: Dodged            |     2 |       |    23 ||    25
